 Dungeon Crawl Stone Soup version 0.28-a0-595-g9f6c0e134a (webtiles) character file.

Game seed: 2246094645700059919

52 lawman0 the Magician (level 3, 0/19 HPs)
             Began as a Tengu Hedge Wizard on Oct 4, 2021.
             Slain by Natasha (4 damage)
             ... on level 3 of the Dungeon.
             The game lasted 00:02:30 (2140 turns).

lawman0 the Magician (Tengu Hedge Wizard)           Turns: 2140, Time: 00:02:31

Health: 0/19       AC:  2    Str: 10    XL:     3   Next: 85%
Magic:  6/9        EV: 12    Int: 15    God:
Gold:   64         SH:  0    Dex: 13    Spells: 1/9 levels left

rFire   . . .      SeeInvis .   d - +0 short sword
rCold   . . .      Faith    .   (no shield)
rNeg    . . .      Spirit   .   b - +0 robe
rPois   .          Reflect  .   c - +0 hat
rElec   .          Harm     .   (no cloak)
rCorr   .          Rampage  .   (no gloves)
Will    .....                   (boots unavailable)
Stlth   ++........              (no amulet)
HPRegen 0.06/turn               i - ring of wizardry
MPRegen 0.11/turn               (no ring)

@: attractive
A: beak, talons 3
a: no special abilities


You were on level 3 of the Dungeon.
You visited 1 branch of the dungeon, and saw 3 of its levels.

You collected 64 gold pieces.

Inventory:

Hand Weapons
 d - a +0 short sword (weapon)
Armour
 b - a +0 robe (worn)
 c - a +0 hat (worn)
Jewellery
 i - a ring of wizardry (left hand)
Scrolls
 a - 2 scrolls of identify {unknown}
 e - a scroll of magic mapping {unknown}
 f - a scroll of teleportation {unknown}
 g - a scroll of enchant weapon {unknown}
 h - a scroll of fear {unknown}


   Skills:
 + Level 2.3 Dodging
 + Level 2.0 Stealth
 + Level 3.9 Spellcasting
 * Level 2.9 Conjurations
 + Level 1.2 Summonings
 + Level 0.7 Translocations


You had one spell level left.
You knew the following spells:

 Your Spells              Type           Power      Damage    Failure   Level
a - Magic Dart            Conj           44%        1d5       2%          1
b - Blink                 Tloc           N/A        N/A       9%          2
c - Call Imp              Summ           6%         N/A       7%          2
d - Mephitic Cloud        Conj/Pois/Air  5%         N/A       16%         3

Your spell library contained the following spells:

 Spells                   Type           Power      Damage    Failure   Level
 Slow                     Hex            2%         N/A       12%         2
 Conjure Flame            Conj/Fire      7%         6-21      12%         3


Dungeon Overview and Level Annotations

Branches:
Dungeon (3/15)

Altars:

Annotations:
D:3 Natasha


Innate Abilities, Weirdness & Mutations

You have a beak for a mouth.
You have claws for feet.


Message History

Done exploring.
Done exploring.
Okay, then.
Okay, then.
Done exploring.
Done exploring.
Done exploring.
There is a stone staircase leading down here.
You climb downwards.
There is a stone staircase leading up here.
Okay, then.
a - 2 scrolls labelled ALEMICS YHYUCO (gained 1) Natasha, Servant of Life and Death comes into view.
You see here 16 gold pieces.
Natasha is nearby!
Natasha is nearby!
Natasha is nearby!
Aiming: Magic Dart (safe; 2% risk of failure)
Press: ? - help, Q - select action, (/) - cycle Shift-Dir - straight line, f - Natasha
Aim: Natasha (100% to hit)
The magic dart hits Natasha but does no damage.
Natasha casts a spell at you. The magic dart hits you!
Aiming: Magic Dart (safe; 2% risk of failure)
Press: ? - help, Q - select action, (/) - cycle Shift-Dir - straight line, f/p - Natasha
Aim: Natasha (100% to hit)
The magic dart hits Natasha.
Natasha is moderately wounded.
Natasha claws you!
* * * LOW HITPOINT WARNING * * *
Aiming: Magic Dart (safe; 2% risk of failure)
Press: ? - help, Q - select action, (/) - cycle Shift-Dir - straight line, f/p - Natasha
Aim: Natasha (moderately wounded, 100% to hit)
The magic dart hits Natasha.
Natasha is heavily wounded.
Natasha closely misses you.
It was a potion of attraction.
You feel attractive to monsters. Natasha claws you.
You die...

##########
#########.<.......
......h.#.###########
#@#.#..........
#.#.#.#########
#.#....# #...#..#
#.#.#..# ...#.#..#
..........#
..######.#.## . #.#.#


You could see Natasha.

Vanquished Creatures
  An adder (D:2)
  A worm (D:2)
  A dart slug (D:1)
  2 ball pythons (D:1)
  5 endoplasms
  5 goblins
  A hobgoblin (D:2)
  5 jackals (D:1)
  2 quokkas
  3 bats
  2 frilled lizards (D:1)
  4 kobolds
  3 rats
35 creatures vanquished.

Notes
Turn   | Place    | Note
-------+----------+-------------------------------------------
     0 | D:1      | lawman0 the Tengu Hedge Wizard began the quest for the Orb.
     0 | D:1      | Reached XP level 1. HP: 10/10 MP: 5/5
   198 | D:1      | Reached XP level 2. HP: 15/15 MP: 2/7
   729 | D:1      | Reached XP level 3. HP: 19/19 MP: 6/9
   832 | D:1      | Learned a level 2 spell: Blink
   835 | D:1      | Learned a level 2 spell: Call Imp
   839 | D:1      | Learned a level 3 spell: Mephitic Cloud
  1289 | D:2      | Found a faded altar of an unknown god.
  2136 | D:3      | Noticed Natasha
  2140 | D:3      | Slain by Natasha

Illustrated notes

Levels and vault maps discovered:
D:1:      kennysheep_arrival_seaside, layout_loops_ring
D:2:      layout_rooms, shapermc_ecumenical_altar_venn,
          hangedman_decor_slide_cut
D:3:      layout_basic, makhleb_altar_promises_db, serial_shops, shop, shop,
          shop, hangedman_decor_clover_reticule, serial_bayou_lagoon_a,
          uniq_sigmund, uniq_natasha

Skill      XL: |  1  2 |
---------------+-------+-----
Conjurations   | 2 |  2.9
Dodging        | |  2.3
Stealth        | |  2.0
Spellcasting   | |  3.9
Summonings     | |  1.2
Translocations | |  0.7

Action                   || total
-------------------------++-------
Melee: Dagger            ||     3
       Kick              ||     2
       Short sword       ||    13
       Peck              ||     3
 Cast: Magic Dart        ||    88
  Use: Potion            ||     1
Armor: Robe              ||     2
Dodge: Dodged            ||    18

Table legend: (Time is in decaauts)
 A = Elapsed time spent in this place.
 B = Non-inter-level travel time spent in this place.
 C = Inter-level travel time spent in this place.
 D = Time resting spent in this place.
 E = Time spent auto-exploring this place.
 F = Levels seen in this place.
 G = Mean time per level.
                   A        B        C        D        E       F      G
               +--------+--------+--------+--------+--------+-----+--------+
         Total |   2141 |   2075 |     66 |    546 |   1320 |   3 |  713.7 |
       Dungeon |   2141 |   2075 |     66 |    546 |   1320 |   3 |  713.7 |
               +--------+--------+--------+--------+--------+-----+--------+

Top non-repeatable levels by time:
     D:1: 1155 daAuts
     D:2: 963 daAuts
     D:3: 22 daAuts
